 Dungeon Crawl Stone Soup version 0.32-a0-893-gf85d74f360 (webtiles) character file.

Game seed: 18224665283990981776

1992 Autsider the Trooper (level 9, -1/60 HPs)
             Began as an Octopode Shapeshifter on Apr 3, 2024.
             Slain by a troll (7 damage)
             ... on level 7 of the Dungeon on Apr 4, 2024.
             The game lasted 00:21:42 (6448 turns).

Autsider the Trooper (Octopode Shapeshifter)        Turns: 6448, Time: 00:21:43

Health: -1/60      AC:  1    Str: 13    XL:     9   Next: 21%
Magic:  9/9        EV: 16    Int: 12    God:
Gold:   205        SH:  0    Dex: 16    Spells: 8/8 levels left

rFire   . .          .
                       - Unarmed
rCold   . . .        (shield currently unavailable)
rNeg    . . .        (helmet restricted)
rPois   +            (no amulet)
rElec   .            u - ring of poison resistance
rCorr   .            (no ring)
SInv    .            (no ring)
Will    .....        (no ring)
Stlth   +            (no ring)
HPRegen 0.30/turn    (no ring)
MPRegen 0.11/turn    (no ring)
                     (no ring)

%: no passive effects
@: confused, flux-form, ambrosia-drunk, glowing
A: glow, contaminating, reduced hp, almost no armour, amphibious, 8 rings,
camouflage 1, gelatinous body 1, (nimble swimmer 1), tentacles
a: Begin Untransformation


You were on level 7 of the Dungeon.
You were something dangerously unstable.
You visited 2 branches of the dungeon, and saw 8 of its levels.

You collected 205 gold pieces.

Inventory:

Magical Staves
 e - a staff of conjuration
Jewellery
 l - a ring of fire
 u - a ring of poison resistance (left tentacle)
Talismans
 b - a beast talisman
 c - a flux talisman (active)
Wands
 p - a wand of quicksilver (13)
 t - a wand of charming (11)
 v - a wand of roots (19)
 B - a wand of flame (31)
Scrolls
 d - 2 scrolls of identify {@r1}
 g - a scroll of blinking
 j - 5 scrolls of enchant weapon
 k - a scroll of vulnerability
 o - a scroll of amnesia
 r - a scroll of fog
 s - a scroll of fear
 w - a scroll of teleportation {@r2}
 y - 2 scrolls of revelation
Potions
 a - a potion of lignification
 f - a potion of invisibility {unknown}
 h - a potion of berserk rage {unknown}
 m - a potion of degeneration
 q - a potion of magic {unknown}
 z - a potion of brilliance
 A - 2 potions of might


   Skills:
 + Level 7.1 Fighting
 - Level 2.0 Dodging
 - Level 4.0 Stealth
 + Level 7.0 Unarmed Combat
 + Level 6.5 Shapeshifting


You had 8 spell levels left.
You didn't know any spells.
Your spell library contained the following spells:

 Spells                   Type           Power      Damage    Failure   Level
 Scorch                   Fire           0%         2d5       45%         2
 Inner Flame              Hex/Fire       0%         N/A       69%         3
 Volatile Blastmotes      Fire/Tloc      0%         2d10      69%         3
 Flame Wave               Conj/Fire      0%         2d4       97%         4
 Fulminant Prism          Conj/Alch      0%         3d5       97%         4
 Iskenderun's Mystic Bla Conj/Tloc 0%             2d3        (+2d1     97%         4
 Sticky Flame             Fire/Alch      0%         2d4       97%         4
 Vhi's Electric Charge    Tloc/Air       0%         N/A       97%         4
 Arcjolt                  Conj/Air       0%         1d10      100%        5
 Plasma Beam              Fire/Air       0%         2x1d10    100%        6


Dungeon Overview and Level Annotations

Branches:
Dungeon (7/15)             Temple (1/1) D:4

Altars:
Ashenzari
Cheibriados
Dithmenos
Fedhas
Gozag
Makhleb
Nemelex Xobeh
Okawaru
Qazlal
Ru
Sif Muna
Trog
Uskayaw
Vehumet
Wu Jian
Xom
Yredelemnul
Zin
The Shining One

Shops:
D:6 (

Annotations:
D:5 exclusion: 2 downstairs, Menkaure


Innate Abilities, Weirdness & Mutations

You are something dangerously unstable.
You glow with magical radiation, making you easy to see and hit.
Foes you strike become dangerously contaminated with magical radiation.
Your maximum health is decreased, since you lack skill for your form.
You are incapable of wielding weapons or throwing items.
You cannot wear most types of armour.
You are amphibious.
You can wear up to eight rings at the same time.
Your skin changes colour to match your surroundings (Stealth+).
Your rubbery body absorbs attacks. (AC +1, EV +1)
((You are camouflaged when in or above water. (Stealth+)))
You have tentacles for arms and can constrict up to eight enemies at once.


Message History

The troll is severely wounded.
The troll completely misses you. The troll claws you.
* * * LOW HITPOINT WARNING * * *
The troll claws you.
* * * LOW HITPOINT WARNING * * *
You are confused.
You feel invigorated. The troll bites you.
* * * LOW HITPOINT WARNING * * *
The troll claws you.
* * * LOW HITPOINT WARNING * * *
The troll misses you. The troll completely misses you. The troll misses you.
The troll claws you.
* * * LOW HITPOINT WARNING * * *
The troll bites you.
* * * LOW HITPOINT WARNING * * *
The troll barely misses you. The troll claws you!
* * * LOW HITPOINT WARNING * * *
You barely miss the troll.
The troll is severely wounded.
The troll stops glowing.
The troll barely misses you. x2; The troll claws you!
* * * LOW HITPOINT WARNING * * *
A troll comes into view.
You're too confused to move!
The troll shouts!
You hear a horrible gurgling sound!
The troll bites you.
* * * LOW HITPOINT WARNING * * *
The troll misses you. The troll barely misses you.
A scorpion comes into view.
The troll barely misses you. x2; The troll claws you.
* * * LOW HITPOINT WARNING * * *
You barely miss the troll. You completely miss the troll.
Your squeeze misses the troll.
You bump into the rock wall.
The troll bites you!
* * * LOW HITPOINT WARNING * * *
The troll claws you.
* * * LOW HITPOINT WARNING * * *
The troll claws you.
* * * LOW HITPOINT WARNING * * *
The troll bites you!
You die...

#.. #.# #..
###.## #####.#..
# #.....#.#$#
###. #..#...#
..#... #.TTs#.#
.....##†p#...#
#.....#.#$#
##<...#...#
........####.###
...###### #..
#.# ..


You could see 2 trolls and a scorpion.

Vanquished Creatures
  A steam dragon (D:6)
  A water moccasin (D:6)
  2 ice beasts
  2 orc warriors
  2 ogres
  2 bullfrogs
  3 scorpions
  A wight (D:6)
  3 bombardier beetles
  A gnoll bouda (D:5)
  2 jellies
  2 orc priests
  A hound (D:6)
  4 iguanas
  A sleepcap (D:5)
  3 orc wizards
  9 gnolls
  9 adders
  4 dart slugs
  2 ribbon worms
  17 orcs
  6 endoplasms
  7 giant cockroaches
  9 goblins
  8 hobgoblins
  6 jackals
  3 quokkas
  9 ball pythons
  3 bats
  2 frilled lizards
  5 kobolds
  7 rats
137 creatures vanquished.

Vanquished Creatures (collateral kills)
  An ogre (D:6)
1 creature vanquished.

Grand Total: 138 creatures vanquished

Notes
Turn   | Place    | Note
-------+----------+-------------------------------------------
     0 | D:1      | Autsider the Octopode Shapeshifter began the quest for the
                  | Orb.
     0 | D:1      | Reached XP level 1. HP: 13/13 MP: 1/1
    70 | D:1      | You fall into a shaft and drop 1 floor!
   110 | D:2      | Reached XP level 2. HP: 13/20 MP: 2/2
   216 | D:2      | Reached XP level 3. HP: 14/26 MP: 3/3
   836 | D:1      | Reached XP level 4. HP: 31/31 MP: 4/4
  1140 | D:2      | Reached skill level 1 in Stealth
  1333 | D:3      | Found a shadowy altar of Dithmenos.
  1378 | D:3      | Reached XP level 5. HP: 20/36 MP: 5/5
  1978 | D:3      | Found an iron altar of Okawaru.
  2059 | D:4      | Noticed an ogre
  2071 | D:4      | Killed an ogre
  2072 | D:4      | Reached XP level 6. HP: 6/43 MP: 6/6
  2557 | D:4      | Found a staircase to the Ecumenical Temple.
  2564 | Temple   | Entered the Ecumenical Temple
  3277 | D:5      | Entered Level 5 of the Dungeon
  3284 | D:4      | Reached XP level 7. HP: 33/49 MP: 7/7
  3518 | D:5      | Noticed Menkaure
  3599 | D:5      | Found an opulent altar of Gozag.
  3782 | D:5      | Reached skill level 5 in Fighting
  3782 | D:5      | Reached skill level 5 in Unarmed Combat
  3951 | D:5      | Found a glowing golden altar of the Shining One.
  4292 | D:5      | Reached XP level 8. HP: 46/55 MP: 8/8
  4368 | D:5      | Reached skill level 5 in Shapeshifting
  4637 | D:5      | Found a blossoming altar of Fedhas.
  5096 | D:6      | Found a bloodstained altar of Trog.
  5172 | D:6      | Found a shimmering blue altar of Sif Muna.
  5189 | D:6      | Got Sif Muna's Treatise on Calefaction
  5889 | D:6      | Identified the +4 flail of Dishonesty {holy, rPois rF+}
  6089 | D:6      | Reached XP level 9. HP: 53/63 MP: 9/9
  6306 | D:6      | Found Yrophidghe's Hydra Hut.
  6429 | D:7      | Noticed a troll
  6442 | D:7      | HP: 1/60 [troll (7)]
  6442 | D:7      | Noticed a troll
  6448 | D:7      | Slain by a troll

Illustrated notes

Levels and vault maps discovered:
D:1:      dpeg_arrival_tiny_d, layout_basic
D:2:      layout_rooms
D:3:      layout_rooms, mainiacjoe_overflow_concentric_impassable,
          mainiacjoe_overflow_alcove_4
D:4:      layout_loops_corners, temple_green
D:5:      layout_loops_ring, grunt_gozag_statues,
          mainiacjoe_overflow_catwalk_spiral, grunt_decor_fettered,
          uniq_menkaure, uniq_crazy_yiuf_cottage
D:6:      minmay_razor_zed, layout_gridville,
          nzn_overflow_gifts_of_might_and_magic, doesnt_shop_hydraphobe
D:7:      layout_rooms, nzn_hepliaklqana_mist_gate, old_standard_altar,
          hangedman_minor_gate_pass
Temple:   nicolae_temple_hex_pool

Skill      XL: |  1  2  3  4  5  6  7  8  9 |
---------------+----------------------------+-----
Fighting       | 2 3 4 5 6 7 |  7.1
Stealth        | 1 3 4 |  4.0
Unarmed Combat | 4 5 6 7 |  7.0
Shapeshifting  | 4 6 |  6.5
Dodging        | |  2.0

Action                     |  1- 3 |  4- 6 |  7- 9 || total
---------------------------+-------+-------+-------++-------
  Melee: Unarmed           |    56 |   105 |   134 ||   295
         Constrict         |    18 |    39 |    34 ||    91
         Tentacles         |    10 |    18 |    34 ||    62
         Punch             |     1 |     5 |     4 ||    10
  Evoke: Wand              |       |       |     1 ||     1
    Use: Potion            |       |     2 |     4 ||     6
         Scroll            |       |       |    17 ||    17
   Stab: Sleeping          |     4 |    12 |     7 ||    23
         Distracted        |       |     1 |       ||     1
 Armour: Skin              |    19 |    47 |    84 ||   150
  Dodge: Dodged            |    20 |    25 |    73 ||   118
   Form: Flux              |       |       |     1 ||     1

Table legend: (Time is in decaauts)
 A = Elapsed time spent in this place.
 B = Non-inter-level travel time spent in this place.
 C = Inter-level travel time spent in this place.
 D = Time resting spent in this place.
 E = Time spent auto-exploring this place.
 F = Levels seen in this place.
 G = Mean time per level.
                   A        B        C        D        E       F      G
               +--------+--------+--------+--------+--------+-----+--------+
         Total |   6426 |   6235 |    191 |   1439 |   3372 |   8 |  803.2 |
       Dungeon |   6386 |   6234 |    152 |   1439 |   3372 |   7 |  912.3 |
        Temple |     39 |      0 |     39 |      0 |      0 |   1 |   39.0 |
               +--------+--------+--------+--------+--------+-----+--------+

Top non-repeatable levels by time:
     D:4: 1432 daAuts
     D:5: 1413 daAuts
     D:6: 1377 daAuts
     D:3: 819 daAuts
     D:1: 609 daAuts
     D:2: 599 daAuts
     D:7: 136 daAuts
  Temple: 39 daAuts
